Unix NetHack Version 5.0.0-0 post-release - last build Jul 19 2026 19:10:59 (3aa4ab31751d3886436d94b585a96704892fd477,branch:main).

Game began 2026-07-26 08:50:52, ended 2026-07-26 09:31:09.

LDaviesPeters, neutral female human Archeologist

                                                                    -------
 -----                                                              .<....|
 |(^.+##                                                            |.....|
 |...| #                                    ---------------#        |[....|
 |....#############                      ###-..............#        |.....|
 |...| ##  -------#           --------- ##  |....>........|###      ----.--
 |.:.|  ###...Z..a##          |...{....##   |.............|# #          #
 -----     |....@|###a        |.......|     |.............|  #          #
           |..F/>| ###########..[...|.|     |.............|  #         ##
           -------    #       --+--|---     ---.-----------  #         #
                      #         )  #           ############# ###       #
                      ######       #          ######`################ ##
                           #       #     ######                ####-.-|-
                           ##      #     #                        #|...|
                            #      #     #                        #....|
                            #------.--####                         |..`|
                            #.........#                            -----
                             |...{..`|
                             ---------

LDaviesPeters the Investigator  St:14 Dx:12 Co:14 In:15 Wi:12 Ch:13  Neutral
Dlvl:2  $:0  HP:0(42) Pw:25(25) AC:1  Xp:6 T:3434 

Latest messages:
 You lash the giant rat.
 The sewer rat misses!
 You miss the sewer rat.
 The sewer rat misses!
 You miss the sewer rat.
 The sewer rat bites!
 You kill the giant rat!
 The sewer rat misses!
 The sewer rat misses!
 You kill the sewer rat!
 The sewer rat just misses!
 You miss the sewer rat.
 The sewer rat misses!
 The homunculus misses!
 You kill the sewer rat!
 The homunculus bites!
 You lash the homunculus!
 The homunculus bites!
 You avoid harm.
 You lash the homunculus!
 The homunculus turns to flee.
 You see here a sewer rat corpse.
 You lash the homunculus.
 The homunculus bites!
 You kill the homunculus!
 You kill the coyote!
 You see here a dagger.
 J - a dagger (3 in total).
 You see here a sewer rat corpse.
 There is a sewer rat corpse here; eat it? [ynq] (n) y
 You feel sick.
 You finish eating the sewer rat corpse.
 You lash the giant ant!
 The giant ant just misses!
 The giant ant misses!
 You lash the giant ant!
 The giant ant bites!
 You kill the giant ant!
 You lash the giant ant!
 The giant ant misses!
 You kill the giant ant!
 O - a scroll of remove curse.
 The giant ant misses!
 You lash the giant ant.
 The giant ant bites!
 The giant ant bites!
 You lash the giant ant!
 The giant ant bites!
 You die...
 Do you want your possessions identified? [ynq] (y) q

Inventory:
 Weapons  (')')
  L - a blessed +0 dagger
  J - 3 +0 daggers
  k - 3 +0 orcish daggers
  a - a +2 bullwhip (weapon in right hand)
 Armor    ('[')
  B - a blessed +2 helm of telepathy (being worn)
  M - an uncursed +0 pair of speed boots
  E - an uncursed +0 dwarvish mithril-coat (being worn)
 Comestibles  ('%')
  s - an uncursed cram ration
  d - 4 uncursed food rations
  H - an uncursed lembas wafer
 Scrolls  ('?')
  O - an uncursed scroll of remove curse
  z - an uncursed scroll of teleportation
 Rings    ('=')
  n - an uncursed ring of fire resistance (on left hand)
 Tools    ('(')
  b - an uncursed sack containing 4 items
  D - an uncursed leather drum
  i - a magic marker (0:22)
  l - an uncursed oil lamp
  p - a +0 pick-axe (alternate weapon; not wielded)
  f - a tinning kit (0:37)
 Gems/Stones  ('*')
  g - an uncursed touchstone

Contents of the sack:
  153 gold pieces
  an uncursed scroll of confuse monster
  an uncursed scroll of remove curse
  a cursed potion of paralysis

LDaviesPeters the Archeologist's attributes:

Background:
 You were an Investigator, a level 6 female human Archeologist.
 You were neutral, on a mission for Camaxtli
 who was opposed by Quetzalcoatl (lawful) and Huhetotl (chaotic).
 You were right-handed.
 You were in the Dungeons of Doom, on level 2.
 You entered the dungeon 3434 turns ago.
 You had 439 experience points, 201 more were needed to attain level 7.

Basics:
 You had 0 out of 42 hit points.
 You had all 25 energy points (spell power).
 Your armor class was 1.
 Your wallet was empty, but
 you had 153 zorkmids stashed away in your pack.
 Autopickup was off.

Final Characteristics:
 Your strength was 14 (limit:18/100).
 Your dexterity was 12 (limit:18).
 Your constitution was 14 (limit:18).
 Your intelligence was 15 (limit:18).
 Your wisdom was 12 (limit:18).
 Your charisma was 13 (limit:18).

Final Status:
 You weren't hungry.
 You were unencumbered.
 You were wielding a whip.
 You were skilled in whip.

Final Attributes:
 You were piously aligned.
 You were fire resistant.
 Your items were protected from fire.
 You were telepathic.
 You had automatic searching.
 You were stealthy.
 You were guarded.
 Your spell casting was impaired by metallic armor.
 You are dead.

Miscellaneous:
 You didn't encounter any bones levels.
 Total elapsed playing time was 40 minutes and 16 seconds.

Major events:
 Turn
    1: LDaviesPeters the neutral female human Archeologist entered the dungeon
  432: attained the rank of Field Worker (level 3)
  742: entered the Gnomish Mines
 2922: attained the rank of Investigator (level 6)
 3434: killed by a giant ant

Spells:
 Name                 Level Category     Fail Retention
 identify               3   divination   100%  76%-100%

Skills:
 Fighting Skills
   bare handed combat [Unskilled]
   two weapon combat  [Unskilled]
   riding             [Unskilled]
 Weapon Skills
   dagger             [Unskilled]
   knife              [Unskilled]
   pick-axe           [Basic]
   short sword        [Unskilled]
   saber              [Unskilled]
   club               [Unskilled]
   quarterstaff       [Unskilled]
   sling              [Unskilled]
   dart               [Unskilled]
   boomerang          [Unskilled]
   whip               [Skilled]
   unicorn horn       [Unskilled]
 Spellcasting Skills
   attack spells      [Unskilled]
   healing spells     [Unskilled]
   divination spells  [Unskilled]
   matter spells      [Unskilled]

Voluntary challenges:
 Character rerolling was not enabled.
 You never genocided any monsters.
 You never polymorphed an object.
 You never changed form.
 You used no wishes.
Achievements:
 You attained the rank of Field Worker.
 You entered the Gnomish Mines.
 You attained the rank of Investigator.

 The Dungeons of Doom: levels 1 to 6
    Level 1:
    Level 2: <- You were here.
       Some fountains, a grave.
       Stairs down to The Gnomish Mines.
       Final resting place for
          you, killed by a giant ant.
    Level 3:
    Level 4:
       A fountain.
    Level 5:
       A fountain, a grave.
    Level 6:
       A fountain.
 The Gnomish Mines:
    Level 3:


Vanquished creatures:
  a rock piercer
  a rock mole
  a yellow light
  a shrieker
  a gnomish wizard
  3 kobold mummies
 an elf zombie
  2 giant ants
  a kitten
  3 dwarves
  a homunculus
  3 rothes
  2 giant bats
 an orc zombie
  2 wererats
  a werejackal
 an acid blob
  2 coyotes
  2 hobgoblins
  4 giant rats
  3 cave spiders
  a red mold
  8 gnomes
  a gnome zombie
  3 geckos
 13 jackals
  a fox
  a kobold
  4 goblins
  8 sewer rats
  a grid bug
  8 lichens
  a kobold zombie
  6 newts
93 creatures vanquished.

No species were genocided or became extinct.

Game over:
                       ----------
                      /          \
                     /    REST    \
                    /      IN      \
                   /     PEACE      \
                  /                  \
                  |  LDaviesPeters   |
                  |      153 Au      |
                  |   killed by a    |
                  |    giant ant     |
                  |                  |
                  |                  |
                  |       2026       |
                 *|     *  *  *      | *
        _________)/\\_//(\/(/\)/\//\/|_)_______

Goodbye LDaviesPeters the Archeologist...

You died in The Dungeons of Doom on dungeon level 2 with 2144 points,
and 153 pieces of gold, after 3434 moves.
You were level 6 with a maximum of 42 hit points when you died.

